 Dungeon Crawl Stone Soup version 0.26.0-16-gc1dbca0489 (webtiles) character file.

Game seed: 684561617672963962

293 kaeus the Chopper (level 6, 0/55 HPs)
             Began as a Hill Orc Monk on Jan 19, 2021.
             Slain by Pikel
             ... wielding a +0 whip of freezing
              (8 damage)
             ... on level 3 of the Dungeon.
             The game lasted 00:06:47 (2956 turns).

kaeus the Chopper (Hill Orc Monk)                   Turns: 2956, Time: 00:06:47

Health: 0/55       AC:  6    Str: 16    XL:     6   Next: 33%
Magic:  6/6        EV: 11    Int: 10    God:
Gold:   128        SH:  0    Dex: 19    Spells: 5/5 levels left

rFire    . . .     SeeInvis .   a - +0 hand axe
rCold    . . .     Faith    .   (no shield)
rNeg     . . .     Spirit   .   i - +0 scale mail
rPois    +         Reflect  .   (no helmet)
rElec    .         Harm     .   (no cloak)
rCorr    .         Rampage  .   (no gloves)
Will     .....                  (no boots)
Stlth    +.........             (no amulet)
HPRegen  0.18/turn              m - +6 ring of dexterity
MPRegen  0.10/turn              p - ring of poison resistance

@: about to teleport
A: no striking features
a: no special abilities


You were on level 3 of the Dungeon.
You visited 1 branch of the dungeon, and saw 4 of its levels.

You collected 128 gold pieces.

Inventory:

Hand Weapons
 a - a +0 hand axe (weapon)
 o - a +0 scythe
Armour
 b - a +0 robe
 i - a +0 scale mail (worn)
Jewellery
 m - a +6 ring of dexterity (left hand)
 p - a ring of poison resistance (right hand)
Scrolls
 c - 2 scrolls of enchant armour {unknown}
 e - 2 scrolls of identify
 h - 4 scrolls of teleportation
 j - 2 scrolls of remove curse
Potions
 d - 2 potions of curing {unknown}
 f - 2 potions of magic {unknown}
 g - 2 potions of lignification {unknown}
 k - a potion of invisibility {unknown}
 n - a potion of attraction {unknown}
 q - a potion of degeneration {unknown}


   Skills:
 + Level 4.9 Fighting
 + Level 5.4 Axes
 + Level 2.5 Armour
 + Level 3.3 Dodging
 + Level 2.9 Stealth


You had 5 spell levels left.
You didn't know any spells.
Your spell library was empty.

Dungeon Overview and Level Annotations

Branches:
Dungeon (4/15)
 Temple: D:4-7

Altars:
Okawaru
Trog
Yredelemnul

Annotations:
D:3 Pikel


Message History

You climb upwards.
There is a stone staircase leading down here.
You closely miss Pikel.
Pikel is lightly wounded.
Pikel hits you with a +0 whip of freezing.
* * * LOW HITPOINT WARNING * * *
Pikel freezes you.
* * * LOW HITPOINT WARNING * * *
You barely miss Pikel.
Pikel is lightly wounded.
Pikel says, "You'll make a fine lemure."
Pikel completely misses you.
As you read the scroll labelled FEICZE QARESUORI, it crumbles to dust.
You feel blessed for a moment.
It was a scroll of remove curse.
Pikel closely misses you.
As you read the scroll labelled CUKEELEELE, it crumbles to dust.
You feel strangely unstable.
It was a scroll of teleportation.
Pikel waves his whip at you.
Pikel hits you with a +0 whip of freezing!
You die...

≈≈≈≈≈≈...P≈♣........#
≈≈≈≈≈≈..≈≈P♣.#....###
≈≈≈≈≈....≈P#.#.#.##
P≈≈≈P≈..(♣##.).#.#
♣≈PP≈≈.......#...#
♣≈≈≈≈≈....##.#...#
#♣≈≈PP####<#.#...#
#≈≈≈P≈# #.#.#.#K#
##≈P♣## #.#.#.#@#
##♣# #.#.#.###
######.#.#.#
#####......#.#.#
.†.##.######.#.#
##.##.# #.#.# ##.##.#
#...# ...##.# #####
......#


You could see Pikel.

Vanquished Creatures
  Sigmund (D:3)
  Ijyb (D:3)
  A worker ant (D:4)
  3 adders (D:2)
  2 dart slugs
  3 leopard geckos
  A giant cockroach (D:2)
  9 goblins
  6 hobgoblins
  9 kobolds
  4 bats
  10 frilled lizards
  2 rats
  A spectral orc (D:3)
53 creatures vanquished.

Vanquished Creatures (others)
  7 plants
7 creatures vanquished.

Grand Total: 60 creatures vanquished

Notes
Turn   | Place    | Note
-------+----------+-------------------------------------------
     0 | D:1      | kaeus the Hill Orc Monk began the quest for the Orb.
     0 | D:1      | Reached XP level 1. HP: 19/19 MP: 1/1
   151 | D:1      | Reached XP level 2. HP: 23/27 MP: 2/2
   683 | D:2      | Reached XP level 3. HP: 23/33 MP: 3/3
   873 | D:2      | Reached skill level 1 in Armour
  1166 | D:2      | Reached XP level 4. HP: 26/40 MP: 4/4
  1560 | D:2      | Found an iron altar of Okawaru.
  1677 | D:2      | Found a bloodstained altar of Trog.
  1962 | D:3      | Noticed Sigmund
  1987 | D:3      | Killed Sigmund
  1988 | D:3      | Reached skill level 5 in Axes
  1988 | D:3      | Reached XP level 5. HP: 25/47 MP: 5/5
  1988 | D:3      | Reached XP level 6. HP: 29/53 MP: 6/6
  2189 | D:3      | Noticed Ijyb
  2277 | D:3      | Killed Ijyb
  2450 | D:3      | Found a basalt altar of Yredelemnul.
  2861 | D:4      | Noticed Pikel
  2956 | D:3      | Slain by Pikel

Illustrated notes

Levels and vault maps discovered:
D:1:      lemuel_arrival_behind_the_door_large, layout_loops_ring,
          minmay_lizard_king
D:2:      layout_loops_cross, lemuel_round_altar, okawaru_metal_pillars_1_2
D:3:      layout_basic, yredelemnul_forgotten_temple_becter,
          serial_bayou_ford_a, uniq_sigmund, uniq_ijyb
D:4:      layout_basic, minmay_temple_entry_mist, uniq_pikel

Skill      XL: |  1  2  3  4 |
---------------+-------------+-----
Fighting       | 4 |  4.9
Stealth        | 2 |  2.9
Armour         | 1 2 |  2.5
Axes           | 5 |  5.4
Dodging        | 3 |  3.3

Action                   |  1- 3 |  4- 6 || total
-------------------------+-------+-------++-------
Melee: Hand axe          |    92 |   131 ||   223
  Use: Potion            |       |     3 ||     3
       Scroll            |       |     4 ||     4
Armor: Scale mail        |    28 |    36 ||    64
Dodge: Dodged            |    45 |    49 ||    94
